 Dungeon Crawl Stone Soup version 0.28.0-43-g3370ac3207 (webtiles) character file.

Game seed: 17546156364374298617

191 silky the Cudgeller (level 5, -2/47 HPs)
             Began as a Minotaur Chaos Knight on Mar 30, 2022.
             Was a Plaything of Xom.
             Slain by Terence
             ... wielding a +0 hand axe
              (3 damage)
             ... on level 3 of the Dungeon.
             The game lasted 00:06:49 (2325 turns).

silky the Cudgeller (Minotaur Chaos Knight)         Turns: 2325, Time: 00:06:49

Health: -2/47      AC:  5    Str: 16    XL:     5   Next: 42%
Magic:  4/4        EV: 11    Int: 13    God:    Xom [......]
Gold:   234        SH:  0    Dex: 10    Spells: 2/4 levels left

rFire   . . .      SeeInvis .   a - +0 mace (chaos)
rCold   . . .      Faith    .   (no shield)
rNeg    . . .      Spirit   .   b - +2 leather armour
rPois   .          Reflect  .   (helmet restricted)
rElec   .          Harm     .   (no cloak)
rCorr   .          Rampage  .   (no gloves)
Will    .....                   (no boots)
Stlth   +.........              (no amulet)
HPRegen 0.15/turn               (no ring)
MPRegen 0.09/turn               (no ring)

@: attractive, hasted, very quick
A: horns 2, retaliatory headbutt, clever 1
a: Renounce Religion


You were on level 3 of the Dungeon.
You worshipped Xom.
You were a very special plaything of Xom.
You visited 1 branch of the dungeon, and saw 3 of its levels.

You collected 234 gold pieces.

Inventory:

Hand Weapons
 a - a +0 mace of chaos (weapon)
Armour
 b - a +2 leather armour (worn)
Wands
 e - a wand of digging (5)
Scrolls
 c - a scroll of enchant armour
 d - a scroll of immolation
 i - a scroll of summoning {unknown}
 j - a scroll of enchant weapon {unknown}
 k - a scroll of torment {unknown}
Potions
 f - a potion of degeneration


   Skills:
 + Level 4.8 Fighting
 + Level 5.7 Maces & Flails
 + Level 3.4 Armour
 + Level 1.9 Dodging
 + Level 0.5 Stealth


You had 2 spell levels left.
You knew the following spells:

 Your Spells              Type           Power      Damage    Failure   Level
a - Blink                 Tloc           0%         N/A       50%         2

Your spell library contained the following spells:

 Spells                   Type           Power      Damage    Failure   Level
 Ozocubu's Armour         Ice            0%         N/A       73%         3
 Manifold Assault         Tloc           0%         N/A       100%        5
 Metabolic Englaciation   Hex/Ice        0%         N/A       100%        5
 Simulacrum               Ice/Necr       0%         N/A       100%        6
 Storm Form               Tmut/Air       0%         N/A       100%        7


Dungeon Overview and Level Annotations

Branches:
Dungeon (3/15)

Altars:
Fedhas
Nemelex Xobeh

Shops:
D:2 [=((

Annotations:
D:3 Terence


Innate Abilities, Weirdness & Mutations

You have a pair of horns on your head.
You reflexively headbutt those who attack you in melee.
Your mind is acute. (Int +2)


Message History

Terence the Incautious comes into view.
He is wielding a +0 hand axe and carrying a wand of flame (16).
Found a scroll labelled RUMINIJ ROZE.
Terence shouts!
Terence zaps a wand.
The puff of flame hits you!
Terence zaps a wand.
The puff of flame hits you.
You hit Terence but do no damage. You headbutt Terence.
Terence is moderately wounded.
Terence hits you with a +0 hand axe.
You hit Terence. You burn Terence.
Terence is heavily wounded.
Terence zaps a wand.
The puff of flame misses you.
You hit Terence.
Terence is severely wounded.
Terence hits you with a +0 hand axe!
You emit a cloud of colourful smoke!
You hit Terence. You freeze Terence. Your headbutt misses Terence.
Terence is severely wounded.
Terence hits you with a +0 hand axe.
Terence zaps a wand.
The puff of flame hits you!
* * * LOW HITPOINT WARNING * * *
You closely miss Terence. Your headbutt misses Terence.
Terence is severely wounded.
Terence hits you with a +0 hand axe.
* * * LOW HITPOINT WARNING * * *
You hit Terence but do no damage.
Terence seems to speed up.
Terence is severely wounded.
Terence hits you with a +0 hand axe.
* * * LOW HITPOINT WARNING * * *
It was a potion of attraction.
You feel attractive to monsters.
Xom thinks this is hilarious!
Terence barely misses you. Terence closely misses you. You furiously retaliate!
You headbutt Terence.
It was a potion of haste.
You feel yourself speed up. Terence hits you with a +0 hand axe.
* * * LOW HITPOINT WARNING * * *
You hit Terence but do no damage.
Terence is severely wounded.
Terence hits you with a +0 hand axe.
You die...

#. #.# #.# #.#
#.# #.# ##
#.#####?#
.#####
#§§§@@§§#
.....#
#.#######
.###.# #.# .#
#.# #.#
.###†### #.#
.#.....# #.#
.#.#.#.######.#
..............#
##.#.......##.#


You could see Terence (fast).

Vanquished Creatures
  A black bear (D:3)
  3 adders
  3 dart slugs
  3 endoplasms
  2 giant cockroaches
  9 goblins (D:2)
  7 hobgoblins
  4 jackals (D:1)
  2 quokkas (D:2)
  7 ball pythons
  4 bats
  8 frilled lizards
  8 kobolds
  6 rats
67 creatures vanquished.

Vanquished Creatures (others)
  A plant (D:2)
  5 toadstools (D:1)
6 creatures vanquished.

Grand Total: 73 creatures vanquished

Notes
Turn   | Place    | Note
-------+----------+-------------------------------------------
     0 | D:1      | silky the Minotaur Chaos Knight began the quest for the
                  | Orb.
     0 | D:1      | Reached XP level 1. HP: 19/19 MP: 0/0
    95 | D:1      | XOM: divination: detect creatures
   237 | D:1      | Reached XP level 2. HP: 23/27 MP: 1/1
   296 | D:1      | Reached skill level 4 in Maces & Flails
   327 | D:1      | XOM: silly message
   875 | D:2      | XOM: enchant monster (bad)
   880 | D:2      | Reached XP level 3. HP: 24/33 MP: 2/2
   990 | D:2      | Found Peutzown's Antique Weapon Shop.
  1078 | D:2      | Found Xogairer's Armour Boutique.
  1096 | D:2      | Found Rotia's Jewellery Boutique.
  1166 | D:2      | Found a faded altar of an unknown god.
  1194 | D:2      | Found Fauskism's Weapon Shoppe.
  1379 | D:2      | Learned a level 2 spell: Blink
  1450 | D:2      | Reached XP level 4. HP: 41/41 MP: 3/3
  1489 | D:2      | Reached skill level 5 in Maces & Flails
  1544 | D:2      | XOM: give mutation
  1544 | D:2      | Gained mutation: Your mind is acute. (Int +2) [Xom's
                  | mischief]
  1655 | D:3      | Found a sparkling altar of Nemelex Xobeh.
  1706 | D:3      | Noticed a black bear
  1768 | D:3      | Killed a black bear
  1769 | D:3      | Reached XP level 5. HP: 33/47 MP: 4/4
  1936 | D:3      | Found a blossoming altar of Fedhas.
  2313 | D:3      | Noticed Terence
  2319 | D:3      | XOM: smoke on damage
  2324 | D:3      | HP: 1/47 [Terence/+0 hand axe (6)]
  2325 | D:3      | Slain by Terence

Illustrated notes

Levels and vault maps discovered:
D:1:      heliophobic_arrival_glass_houses, layout_basic,
          minmay_gold_behind_fungi
D:2:      kennysheep_the_goblin_king, layout_basic, serial_shops,
          nicolae_shop_bloodbath_and_beyond, shop_fountains, shop,
          nicolae_shop_overgrown_old_shop, shapermc_ecumenical_altar_acropolis
D:3:      layout_loops_ring, mainiacjoe_overflow_catwalk,
          overflow_temple_1_default, uniq_terence

Skill      XL: |  1  2  3  4 |
---------------+-------------+-----
Maces & Flails | 4 5 |  5.7
Fighting       | 4 |  4.8
Armour         | 3 |  3.4
Dodging        | |  1.9
Stealth        | |  0.5

Action                   |  1- 3 |  4- 6 || total
-------------------------+-------+-------++-------
Melee: Mace              |    82 |    33 ||   115
       Headbutt          |     7 |     6 ||    13
  Use: Scroll            |       |     3 ||     3
       Potion            |       |     2 ||     2
 Stab: Paralysed         |     1 |       ||     1
       Sleeping          |       |     1 ||     1
Armor: Leather armour    |    26 |    10 ||    36
Dodge: Dodged            |    73 |    14 ||    87
